 Dungeon Crawl Stone Soup version 0.27-a0-679-g77a6b55cf3 (webtiles) character file.

Game seed: 7860635015728696927

9083 kenlaan the Basher (level 11, -6/69 HPs)
             Began as a Kobold Berserker on Mar 18, 2021.
             Was an Elder of Trog.
             Killed from afar by a smoke demon (19 damage)
             ... with a ball of steam
             ... on level 10 of the Dungeon.
             The game lasted 00:41:26 (16514 turns).

kenlaan the Basher (Kobold Berserker)              Turns: 16514, Time: 00:41:27

Health: -6/69      AC: 16    Str: 17    XL:     11   Next: 67%
Magic:  11/11      EV: 19    Int:  9    God:    Trog [****..]
Gold:   143        SH:  9    Dex: 16    Spells: 10/10 levels left

rFire    . . .     SeeInvis +   p - +3 mace (spect)
rCold    . . .     Faith    +   H - +0 kite shield
rNeg     + . .     Spirit   .   L - +2 ring mail of Inviolability {rN+ Slay+4}
rPois    .         Reflect  .   r - +1 helmet
rElec    .         Harm     .   A - +0 cloak
rCorr    .         Rampage  .   C - +2 pair of gloves {Dex+3}
Will     +....                  h - +1 pair of boots
Stlth    +++++.....             s - amulet of faith
HPRegen  0.21/turn              f - ring of see invisible
MPRegen  0.12/turn              y - +4 ring of evasion

@: about to teleport
A: small, no large weapons, nightstalker 3, clumsy 1, strong-willed 1
a: Renounce Religion, Berserk, Trog's Hand, Brothers in Arms


You were on level 10 of the Dungeon.
You worshipped Trog.
Trog was greatly pleased with you.
You visited 1 branch of the dungeon, and saw 10 of its levels.

You collected 567 gold pieces.
You spent 424 gold pieces at shops.

Inventory:

Hand Weapons
 a - a +0 short sword
 m - a +0 hunting sling
 p - a +3 spectral mace (weapon)
 t - a +2 vorpal mace
 J - the +6 quarterstaff of the Mushroom {vorpal, rElec rC- Str+4}
   (You found it on level 8 of the Dungeon)

   It inflicts extra damage upon your enemies.
   It affects your strength (+4).
   It makes you vulnerable to cold.
   It insulates you from electricity.
Missiles
 k - 202 stones
Armour
 h - a +1 pair of boots (worn)
 q - a +0 leather armour
 r - a +1 helmet (worn)
 v - the +0 robe "Joestrug" {Will+++ Dex+2}
   (You found it on level 4 of the Dungeon)

   It affects your dexterity (+2).
   It affects your willpower, your defense against some magical effects.
 A - a +0 cloak (worn)
 C - a +2 pair of gloves of dexterity (worn)
 E - a +0 pair of gloves
 F - +0 steam dragon scales
 H - a +0 kite shield (worn)
 L - the +2 ring mail of Inviolability (worn) {rN+ Slay+4}
   (You took it off an orc on level 10 of the Dungeon)

   It affects your accuracy and damage with ranged weapons and melee attacks
   (+4).
   It protects you from negative energy.
Jewellery
 b - a +6 ring of intelligence
 f - a ring of see invisible (right hand)
 j - a +6 ring of intelligence
 s - an amulet of faith (around neck)
 y - a +4 ring of evasion (left hand)
Wands
 d - a wand of acid (17)
 w - a wand of paralysis (9)
 x - a wand of mindburst (20)
 z - a wand of flame (43)
 I - a wand of iceblast (13)
Scrolls
 i - 4 scrolls of teleportation
 o - a scroll of enchant armour
 B - 6 scrolls of identify
 D - a scroll of holy word {unknown}
 G - a scroll of fog
 K - 2 scrolls of magic mapping
Potions
 c - 2 potions of berserk rage
 e - a potion of ambrosia
 g - a potion of lignification {unknown}
 l - a potion of magic {unknown}
 n - a potion of invisibility {unknown}
 u - a potion of heal wounds
 M - a potion of resistance


   Skills:
 + Level 8.4 Fighting
 + Level 6.5 Short Blades
 + Level 10.1 Maces & Flails
 + Level 2.8 Armour
 + Level 9.3 Dodging
 + Level 9.2 Stealth
 + Level 2.5 Shields
 + Level 0.4 Evocations


You had 10 spell levels left.
You didn't know any spells.
Your spell library was empty.

Dungeon Overview and Level Annotations

Branches:
Dungeon (10/15)            Temple (0/1) D:6
   Lair: D:8-11         Orc: D:9-12

Altars:
Ashenzari
Dithmenos
Fedhas
Makhleb
Nemelex Xobeh
Okawaru
Qazlal
Ru
Sif Muna
Trog
Wu Jian
The Shining One

Shops:
D:4 *   D:6 *   D:7 *   D:9 *

Portals:
Abyss: D:10

Annotations:
D:10 1 transporter, thegreatwait's ghost, novice MiGl


Innate Abilities, Weirdness & Mutations

You are small and have problems with some larger weapons.
You are completely attuned to the shadows.
You are clumsy. (Dex -2)
You are strong-willed. (Will+)


Message History

Thegreatwait's ghost hits your troll!
Thegreatwait's ghost freezes your troll.
Your troll bites thegreatwait's ghost.
Your troll closely misses thegreatwait's ghost.
Your troll barely misses thegreatwait's ghost.
You hear a shout!
You swap places.
Thegreatwait's ghost hits you!! Thegreatwait's ghost freezes you!
You hit thegreatwait's ghost.
Thegreatwait's ghost is lightly damaged.
Your spectral weapon hits thegreatwait's ghost.
You block thegreatwait's ghost's attack.
The orc warrior hits you with a +4 morningstar of distortion!
Space warps horribly around you!
* * * LOW HITPOINT WARNING * * *
You swap places.
Thegreatwait's ghost hits your troll!
Thegreatwait's ghost freezes your troll.
The orc warrior hits your troll with a +4 morningstar of distortion!
Space bends around your troll.
Your troll misses thegreatwait's ghost.
Your troll closely misses thegreatwait's ghost.
Your troll claws thegreatwait's ghost!
As you read the scroll of teleportation, it crumbles to dust.
You feel strangely unstable.
Your troll bites thegreatwait's ghost!
Your troll closely misses thegreatwait's ghost.
Your troll claws thegreatwait's ghost.
Thegreatwait's ghost hits your troll!!
Thegreatwait's ghost freezes your troll.
The orc warrior barely misses your troll.
The smoke demon enters a dispersal trap!
The orc warrior blinks!
Thegreatwait's ghost blinks! x2
Your troll blinks!
Thegreatwait's ghost enters a dispersal trap!
You blink.
Thegreatwait's ghost blinks!
Your troll bites the small abomination!
Your troll claws the small abomination!
Your troll barely misses the small abomination.
The small abomination hits your troll!
Your troll dies!
Your troll's corpse disappears in a puff of smoke!
The smoke demon gestures at you. The ball of steam hits you!!
You die...

.!.....#####..#.##..#x.....##.#.#
.....### #.##.##..###.#.# #....
.....#### #.# #...### ##...#
........# #.# .##....# #.....
........# #.## .####.## #....#
........# #..###§§ ### ####...#
#.####### ##...#)#x.©. #.(#...#
#.# ##..##.§#3.#∩ ^.##...# #.###
#####..##@§§.!..##.##....# #.#.#
#.....##.#.#### ##.#......
....####.###.#.#..#.©## ..##..#.#
###.##...# #.##©###...###.)#..#.#
# #.##.#####..###.......####.....
# #.........#..©..####...........
# #.##.####.###............##.##.
# #.##.####.# #.#.####..#..##.##.
# #.#.....#.# #.#.# #..#..##.##.


You could see a small abomination (unaware).

Vanquished Creatures
  3 two-headed ogres
  A thrashing horror (D:10)
  Pikel (D:6)
  A troll (D:10)
  Grinder (D:6)
  A hornet (D:7)
  Sigmund (D:5)
  3 yaks (D:9)
  Eustachio (D:6)
  A water moccasin (D:10)
  An orc warrior (D:7)
  2 sky beasts
  7 ice beasts
  4 ogres
  5 phantoms
  A centaur (D:10)
  A kobold brigand (D:9)
  A bullfrog (D:7)
  7 scorpions
  A jelly (D:8)
  4 wights (D:4)
  8 howler monkeys
  A bullfrog zombie (D:6)
  2 hounds (D:5)
  A gnoll shaman (D:8)
  3 centaur skeletons
  9 orc priests
  A bullfrog skeleton (D:8)
  2 iguanas (D:4)
  17 orc wizards
  12 worker ants
  A hound skeleton (D:4)
  14 adders
  A gnoll (D:3)
  2 howler monkey skeletons (D:4)
  3 white imps
  2 ufetubi
  4 oozes
  An adder zombie (D:8)
  3 adder skeletons
  5 worms
  2 dart slugs
  5 leopard geckos
  28 orcs
  A giant cockroach (D:4)
  13 goblins
  6 hobgoblins
  3 jackals (D:4)
  2 quokkas
  2 ball pythons
  2 bats (D:1)
  2 frilled lizards
  A jackal zombie (D:6)
  16 kobolds
  A leopard gecko zombie (D:7)
  11 rats
235 creatures vanquished.

Vanquished Creatures (collateral kills)
  Maggie (D:7)
  A gargoyle (D:10)
  A wyvern (D:10)
  A phantom (D:8)
  A kobold brigand (D:10)
  5 orcs
  A quokka (D:8)
  2 kobolds (D:10)
13 creatures vanquished.

Vanquished Creatures (others)
  An orc wizard (D:10)
  75 plants
76 creatures vanquished.

Grand Total: 324 creatures vanquished

Notes
Turn   | Place    | Note
-------+----------+-------------------------------------------
     0 | D:1      | kenlaan the Kobold Berserker began the quest for the Orb.
     0 | D:1      | Reached XP level 1. HP: 14/14 MP: 1/1
   170 | D:1      | Reached XP level 2. HP: 13/19 MP: 2/2
   369 | D:1      | Reached XP level 3. HP: 23/23 MP: 3/3
   833 | D:1      | Reached ** piety under Trog
  1039 | D:2      | Reached skill level 5 in Short Blades
  1048 | D:2      | Reached XP level 4. HP: 25/29 MP: 4/4
  1099 | D:2      | Reached skill level 1 in Stealth
  1832 | D:2      | Reached XP level 5. HP: 33/33 MP: 5/5
  2700 | D:3      | Found an ornate altar of the Wu Jian Council.
  3078 | D:3      | Found a bloodstained altar of Trog.
  3091 | D:3      | Found a shimmering blue altar of Sif Muna.
  3099 | D:3      | Identified Sif Muna's Almanac of Contamination
  3272 | D:3      | Reached XP level 6. HP: 34/39 MP: 6/6
  3679 | D:3      | Found a broken altar of Ashenzari.
  3680 | D:3      | Saw a vision of the Swamp and the Spider Nest.
  3680 | D:3      | Noticed a redback
  3680 | D:3      | Noticed a wolf spider
  3681 | D:3      | Noticed a vampire mosquito
  3681 | D:3      | Noticed a redback
  3684 | D:3      | Noticed a vampire mosquito
  3684 | D:3      | Noticed a goliath frog
  3685 | D:3      | Noticed a redback
  3686 | D:3      | Noticed a wolf spider
  3688 | D:3      | Noticed a redback
  4024 | D:4      | Reached skill level 1 in Maces & Flails
  4487 | D:4      | Reached XP level 7. HP: 43/44 MP: 7/7
  4793 | D:4      | Reached skill level 2 in Maces & Flails
  4804 | D:4      | Reached *** piety under Trog
  4940 | D:4      | Reached skill level 3 in Maces & Flails
  5202 | D:4      | Reached XP level 8. HP: 45/48 MP: 8/8
  5411 | D:4      | Reached skill level 5 in Fighting
  5492 | D:4      | Reached skill level 5 in Dodging
  5499 | D:4      | Found Apsuit's Assorted Antiques.
  5707 | D:4      | Identified the +0 robe "Joestrug" {Will+++ Dex+2}
  5982 | D:5      | Entered Level 5 of the Dungeon
  6054 | D:5      | Reached skill level 4 in Maces & Flails
  6493 | D:5      | Reached skill level 5 in Stealth
  6493 | D:5      | Reached **** piety under Trog
  6830 | D:5      | Noticed Sigmund
  6838 | D:5      | Killed Sigmund
  6842 | D:5      | Reached skill level 5 in Maces & Flails
  7033 | D:5      | Reached XP level 9. HP: 49/54 MP: 9/9
  7821 | D:6      | Found a sacrificial altar of Ru.
  8108 | D:6      | Found Rejay's Profane Products.
  8108 | D:6      | Found a burning altar of Makhleb.
  8141 | D:6      | Found a staircase to the Ecumenical Temple.
  8251 | D:6      | Noticed Pikel
  8258 | D:6      | Killed Pikel
  8259 | D:6      | Reached skill level 6 in Maces & Flails
  8740 | D:6      | Found a shadowy altar of Dithmenos.
  8747 | D:6      | Noticed Grinder
  8756 | D:6      | Killed Grinder
  8757 | D:6      | Reached skill level 7 in Maces & Flails
  8869 | D:6      | Noticed Eustachio
  8885 | D:6      | Killed Eustachio
  8886 | D:6      | Reached XP level 10. HP: 61/61 MP: 10/10
  9198 | D:7      | Found Gaidoh's Assorted Antiques.
  9208 | D:7      | Bought a scroll of identify for 40 gold pieces
  9208 | D:7      | Bought a scroll labelled PET TIRUNYAV for 20 gold pieces
  9208 | D:7      | Bought a scroll labelled POEWKOJEFE for 20 gold pieces
  9209 | D:7      | Gained mutation: You are clumsy. (Dex -2) [potion of
                  | mutation]
  9209 | D:7      | Gained mutation: You are strong-willed. (Will+) [potion of
                  | mutation]
  9278 | D:7      | Reached ***** piety under Trog
  9693 | D:7      | Found an iron altar of Okawaru.
  9889 | D:7      | Noticed Maggie
 10473 | D:7      | Paralysed by a hornet for 2 turns
 10484 | D:7      | Reached skill level 8 in Maces & Flails
 12730 | D:7      | Killed Maggie
 12866 | D:8      | Noticed a two-headed ogre
 12888 | D:8      | Killed a two-headed ogre
 13294 | D:8      | Reached skill level 9 in Maces & Flails
 13369 | D:8      | Identified the +6 quarterstaff of the Mushroom {vorpal,
                  | rElec rC- Str+4}
 13572 | D:8      | Found a stormy altar of Qazlal.
 13572 | D:8      | Found a blossoming altar of Fedhas.
 13573 | D:8      | Found a glowing golden altar of the Shining One.
 13573 | D:8      | Found a burning altar of Makhleb.
 14127 | D:9      | Reached XP level 11. HP: 57/68 MP: 11/11
 14631 | D:9      | Found Zaewnuviff's General Store.
 14643 | D:9      | Bought a +2 pair of gloves of dexterity for 344 gold pieces
 14894 | D:9      | Found a sparkling altar of Nemelex Xobeh.
 14953 | D:10     | Entered Level 10 of the Dungeon
 14974 | D:10     | Reached skill level 1 in Shields
 14988 | D:10     | Noticed a two-headed ogre
 14997 | D:10     | Killed a two-headed ogre
 15403 | D:10     | Noticed a two-headed ogre
 15408 | D:10     | Killed a two-headed ogre
 15409 | D:10     | Reached skill level 10 in Maces & Flails
 15653 | D:10     | Identified the +2 ring mail of Inviolability {rN+ Slay+4}
 15815 | D:10     | Found a transporter.
 15819 | D:10     | Found a transporter.
 15857 | D:10     | Found a one-way gate to the infinite horrors of the Abyss.
 15858 | D:10     | Noticed thegreatwait's ghost (novice MiGl)
 16504 | D:10     | Noticed a thrashing horror
 16507 | D:10     | Killed a thrashing horror
 16514 | D:10     | Killed from afar by a smoke demon

Illustrated notes

Levels and vault maps discovered:
D:1:      tarquinn_simple_flora_water_d, layout_rooms, minmay_box_of_dots
D:2:      layout_basic, minmay_misc_feat_x, minmay_hexomino_u4
D:3:      layout_loops_ring, nzn_overflow_gifts_of_might_and_magic,
          nicolae_wu_jian_wuxing_cycle, corexii_shack, grunt_ashenzari_visionary
          [grunt_ashenzari_visionary_swamp, grunt_ashenzari_visionary_spider]
D:4:      layout_loops_ring, serial_bayou, serial_bayou_lagoon_b,
          serial_bayou_pond_c, serial_bayou_crossing, serial_bayou_pond_a,
          serial_bayou_pond_a, serial_bayou_pond_c, serial_shops, shop,
          st_stairs_5, eino_tiny_chamber, minmay_a_box_with_orc_wizards_in_it
D:5:      layout_gridville, serial_bayou, serial_bayou_shore_b,
          serial_bayou_pond_a, serial_bayou_pond_e, serial_bayou_shore_b,
          uniq_sigmund
D:6:      layout_basic, old_standard_altar, nicolae_ru_the_path_less_chosen,
          minmay_temple_entry_ruins, minmay_misc_feat_chi, nicolae_evil_shop,
          uniq_pikel, uniq_eustachio, uniq_grinder
D:7:      layout_basic, kennysheep_okawaru_gauntlet, serial_shops,
          shop_fountains, uniq_maggie
D:8:      minmay_bubble_buster, layout_gridville,
          chequers_temple_overflow_statue_of_worship
D:9:      layout_basic, nemelex_xobeh_ov_fountains_minmay,
          kennysheep_small_square
D:10:     layout_basic, gammafunk_ghost_abyssal_escape

Skill      XL: |  1  2  3  4  5  6  7  8  9 10 11 |
---------------+----------------------------------+-----
Dodging        | 3 4 5 7 8 9 |  9.3
Short Blades   | 5 6 |  6.5
Stealth        | 1 2 3 4 5 7 8 9 |  9.2
Fighting       | 4 5 6 7 8 |  8.4
Maces & Flails | 1 3 5 7 9 10 | 10.1
Armour         | 2 |  2.8
Shields        | 2 |  2.5
Evocations     | |  0.4

Action                   |  1- 3 |  4- 6 |  7- 9 | 10-12 || total
-------------------------+-------+-------+-------+-------++-------
Melee: Short sword       |    77 |   132 |       |    30 ||   239
       Mace              |       |    62 |   296 |   401 ||   759
Invok: Berserk           |     1 |     7 |    12 |     8 ||    28
       Trog's Hand       |       |     1 |     1 |     2 ||     4
       Brothers in Arms  |       |       |       |     6 ||     6
Evoke: Wand              |       |       |       |     3 ||     3
  Use: Scroll            |     5 |     2 |     4 |     8 ||    19
       Potion            |       |     1 |     1 |     5 ||     7
 Stab: Sleeping          |     4 |     6 |     8 |     9 ||    27
       Distracted        |       |       |     1 |     6 ||     7
Armor: Animal skin       |     8 |    20 |       |       ||    28
       Leather armour    |       |     5 |    28 |       ||    33
       Robe              |       |       |    23 |    13 ||    36
       Steam dragon scal |       |       |       |    35 ||    35
       Ring mail         |       |       |       |     7 ||     7
Dodge: Dodged            |    48 |   121 |   258 |   315 ||   742
Block: Kite shield       |       |       |       |    75 ||    75

Table legend: (Time is in decaauts)
 A = Elapsed time spent in this place.
 B = Non-inter-level travel time spent in this place.
 C = Inter-level travel time spent in this place.
 D = Time resting spent in this place.
 E = Time spent auto-exploring this place.
 F = Levels seen in this place.
 G = Mean time per level.
                   A        B        C        D        E       F      G
               +--------+--------+--------+--------+--------+-----+--------+
         Total |  16909 |  15878 |   1031 |   6437 |   6665 |  10 | 1690.9 |
       Dungeon |  16909 |  15878 |   1031 |   6437 |   6665 |  10 | 1690.9 |
               +--------+--------+--------+--------+--------+-----+--------+

Top non-repeatable levels by time:
     D:7: 3010 daAuts
     D:4: 1970 daAuts
     D:8: 1842 daAuts
     D:5: 1723 daAuts
     D:2: 1673 daAuts
    D:10: 1584 daAuts
     D:6: 1541 daAuts
     D:3: 1532 daAuts
     D:1: 1039 daAuts
     D:9: 992 daAuts
